 Dungeon Crawl Stone Soup version 0.30-b1-2-g02819fbbbe (webtiles) character file.

Game seed: 16817334592122394542

2709 MajorAdolf the Charlatan (level 9, -1/70 HPs)
             Began as a Naga Wanderer on Aug 30, 2023.
             Was an Initiate of Gozag.
             Slain by a gnoll sergeant
             ... wielding a +0 halberd
              (11 damage)
             ... in a bailey.
             The game lasted 00:12:20 (8936 turns).

MajorAdolf the Charlatan (Naga Wanderer)            Turns: 8936, Time: 00:12:21

Health: -1/70      AC: 13    Str: 13    XL:     9   Next: 66%
Magic:  17/17      EV:  9    Int: 16    God:    Gozag
Gold:   793        SH:  0    Dex: 19    Spells: 14/18 levels left

rFire   . . .        o - +0 dagger (venom)
rCold   . . .        (no shield)
rNeg    . . .        v - +0 robe
rPois   +            D - +2 helmet
rElec   .            b - +0 cloak
rCorr   .            n - +0 pair of gloves
SInv    +            C - +0 barding
Will    ++...        (no amulet)
Stlth   ++           s - ring of willpower
HPRegen 0.31/turn    F - +6 ring of dexterity
MPRegen 0.15/turn

%: no passive effects
@: about to teleport, very slow
A: AC +3, large, see invisible, deformed body, poison resistance, slowness 2,
spit poison 1, naga tail 1
a: Spit Poison, Renounce Religion, Potion Petition, Call Merchant, Bribe Branch


You were in a bailey.
You worshipped Gozag.
Gozag was pleased with you.
You visited 1 branch of the dungeon, and saw 7 of its levels.
You also visited: Bailey.

You collected 876 gold pieces.
You paid 83 gold pieces to Gozag.

Inventory:

Hand Weapons
 h - a +3 whip of electrocution
 o - a +0 dagger of venom (weapon)
 u - a +1 antimagic trident
Missiles
 A - 9 throwing nets
Armour
 b - a +0 cloak (worn)
 n - a +0 pair of gloves (worn)
 v - a +0 robe (worn)
 C - a +0 barding (worn)
 D - a +2 helmet (worn)
Jewellery
 d - a ring of flight
 s - a ring of willpower (left hand)
 F - a +6 ring of dexterity (right hand)
Wands
 g - a wand of charming (5)
Scrolls
 c - a scroll of teleportation
 j - a scroll of poison
 w - 2 scrolls of vulnerability
 x - a scroll of summoning
 E - 2 scrolls of immolation
Potions
 a - a potion of cancellation {unknown}
 f - a potion of ambrosia {unknown}
 i - a potion of invisibility {unknown}
 k - 2 potions of curing {unknown}
 m - 2 potions of degeneration {unknown}
 p - a potion of flight {unknown}
 q - 2 potions of attraction {unknown}
 z - a potion of berserk rage {unknown}
 B - a potion of heal wounds {unknown}
Miscellaneous
 e - a phantom mirror (inert)


   Skills:
 - Level 1.0 Fighting
 + Level 5.6 Maces & Flails
 - Level 2.4 Dodging
 - Level 1.5 Stealth
 + Level 5.4 Spellcasting
 + Level 5.8 Conjurations
 + Level 5.9 Earth Magic
 + Level 5.9 Evocations


You had 14 spell levels left.
You knew the following spells:

 Your Spells              Type           Power      Damage    Failure   Level
a - Sandblast             Erth           46%        2d11      1%          1
b - Stone Arrow           Conj/Erth      46%        3d9       4%          3

Your spell library contained the following spells:

 Spells                   Type           Power      Damage    Failure   Level
 Cigotuvi's Dreadful Rot  Necr/Pois/Air  8%         N/A       22%         2
 Dispel Undead            Necr           4%         3d7       82%         4
 Death Channel            Necr           2%         N/A       100%        6


Dungeon Overview and Level Annotations

Branches:
Dungeon (7/15)             Temple (0/1) D:6          Bailey (1/1)

Altars:
Gozag
Kikubaaqudgha
Trog
Xom

Annotations:
D:4 2 transporters


Innate Abilities, Weirdness & Mutations

Your serpentine skin is tough. (AC +3)
You have supernaturally acute eyesight. (SInv)
Armour fits poorly on your strangely shaped body.
Your system is resistant to poisons. (rPois)
You cover ground very slowly.
You can spit poison.
You have a snake-like lower body.


Message History

The wolf attacks as you move away! The wolf bites you.
The wolf closely misses you. The wolf completely misses you.
You hit the wolf but do no damage.
The wolf is poisoned.
The wolf bites you but does no damage. The gnoll bouda completely misses you.
You hit the wolf.
The wolf looks as sick as possible!
The wolf is lightly wounded.
The wolf bites you but does no damage.
The gnoll bouda hits you but does no damage.
The wolf bites you.
There is an open door here.
The wolf bites you. The gnoll sergeant barely misses you. The wolf bites you.
Things that are here:
a +0 halberd; a +0 ring mail You hit the wolf but do no damage.
The wolf looks as sick as possible!
The wolf is moderately wounded.
Your attacks no longer feel as feeble.
The gnoll sergeant is no longer moving quickly.
The wolf closely misses you. The gnoll sergeant barely misses you.
You hit the wolf but do no damage.
The wolf looks as sick as possible!
The wolf is moderately wounded.
The wolf barely misses you. The gnoll sergeant barely misses you.
The wolf bites you but does no damage.
The gnoll bouda barks out a call to the hunt!
The gnoll sergeant picks up the pace!
You hear a howl!
You barely miss the wolf.
The gnoll sergeant is no longer moving quickly.
The wolf bites you. x2
The gnoll sergeant hits you from afar with a +0 halberd! x2
The wolf bites you!
* * * LOW HITPOINT WARNING * * *
Unknown command.
As you read the scroll of teleportation, it crumbles to dust.
You feel strangely unstable. The wolf bites you but does no damage.
The wolf closely misses you. The wolf bites you but does no damage.
The gnoll sergeant hits you from afar with a +0 halberd!
* * * LOW HITPOINT WARNING * * *
The gnoll sergeant hits you from afar with a +0 halberd!
You die...
Your body crumbles into a pile of gold.

#.....#...# g...#≈♣
#8....##'## ...8#
#....##..)##....#
#...##.....##g..
#...#..)))..#..
#...#...8...#'###
#...#.......#g..#
#...##.)..)##g..#
#....##h@.##....# ♣
#8....##h##.g..8# ♣
♣≈#....)#.gg#.....#≈♣
♣≈##...)'.g.h....##≈♣
♣≈.##..)#...#...##.≈♣
♣≈..#####...#####..≈♣
♣≈.................≈♣
♣≈≈...............≈≈♣
♣♣≈≈≈≈≈≈≈≈≈≈≈≈≈≈≈≈≈♣♣


You could see 2 gnoll sergeants, 3 wolves and a gnoll bouda (swift).

Vanquished Creatures
  Menkaure (D:5)
  Duvessa (D:4)
  2 ice beasts (D:5)
  An orc warrior (D:6)
  An ogre (D:5)
  2 black bears (D:6)
  2 wolves (Bailey)
  2 phantoms (D:6)
  Blork the orc (D:4)
  4 gnoll sergeants (Bailey)
  7 scorpions
  Dowan (D:4)
  5 gnoll boudas
  An orc priest (D:6)
  2 jellies (D:6)
  4 hounds
  3 iguanas
  A sleepcap (D:6)
  Terence (D:3)
  Natasha (D:2)
  19 gnolls
  7 adders
  2 shadow imps
  An ufetubus (D:7)
  2 worms
  A dart slug (D:3)
  5 orcs
  12 ball pythons
  9 endoplasms
  3 giant cockroaches
  11 goblins
  5 hobgoblins
  4 quokkas
  5 bats
  2 frilled lizards (D:3)
  6 kobolds
  5 rats
142 creatures vanquished.

Vanquished Creatures (collateral kills)
  4 gnolls (Bailey)
4 creatures vanquished.

Vanquished Creatures (others)
  15 plants (D:3)
15 creatures vanquished.

Grand Total: 161 creatures vanquished

Notes
Turn   | Place    | Note
-------+----------+-------------------------------------------
     0 | D:1      | MajorAdolf the Naga Wanderer began the quest for the Orb.
     0 | D:1      | MajorAdolf set off with the following items: a +0 club, a
                  | +0 cloak, a scroll of teleportation, a +0 leather armour, a
                  | phantom mirror; and the following spell memorised:
                  | Sandblast; and the following spells available to memorise:
                  | Stone Arrow.
     0 | D:1      | Reached XP level 1. HP: 18/18 MP: 2/2
   159 | D:1      | Reached XP level 2. HP: 25/25 MP: 3/3
   276 | D:1      | Found a faded altar of an unknown god.
   399 | D:1      | Reached skill level 1 in Conjurations
   607 | D:1      | Reached XP level 3. HP: 26/31 MP: 5/5
  1065 | D:1      | Reached skill level 1 in Maces & Flails
  1262 | D:1      | Learned a level 3 spell: Stone Arrow
  1416 | D:2      | Reached XP level 4. HP: 33/38 MP: 4/7
  1513 | D:2      | Noticed Natasha
  1523 | D:2      | Killed Natasha
  2078 | D:3      | Reached XP level 5. HP: 44/44 MP: 8/8
  2184 | D:3      | Noticed Terence
  2194 | D:3      | Killed Terence
  2840 | D:3      | Reached XP level 6. HP: 47/51 MP: 10/10
  3028 | D:4      | Noticed Blork the orc
  3032 | D:4      | Killed Blork the orc
  3114 | D:4      | Found a transporter.
  3365 | D:4      | Found a shimmering altar of Xom.
  3368 | D:4      | Found an ancient bone altar of Kikubaaqudgha.
  3502 | D:4      | Noticed Dowan
  3505 | D:4      | Noticed Duvessa
  3525 | D:4      | Killed Duvessa
  3525 | D:4      | Killed Dowan
  3526 | D:4      | Reached XP level 7. HP: 25/57 MP: 6/11
  3738 | D:4      | Found a transporter.
  3741 | D:4      | Noticed a fire bat
  3741 | D:4      | Noticed a fire bat
  4148 | D:4      | Found the +5 Force Lance {heavy, knockback}
  4878 | D:5      | Entered Level 5 of the Dungeon
  5107 | D:5      | Noticed Menkaure
  5113 | D:5      | Killed Menkaure
  5114 | D:5      | Reached XP level 8. HP: 61/64 MP: 0/13
  6060 | D:5      | Found an opulent altar of Gozag.
  6175 | D:5      | Became a worshipper of Gozag Ym Sagoz the Greedy
  6424 | D:6      | Found a bloodstained altar of Trog.
  6469 | D:6      | Reached skill level 5 in Earth Magic
  6469 | D:6      | Reached skill level 5 in Evocations
  6653 | D:6      | Reached XP level 9. HP: 70/70 MP: 12/16
  6771 | D:6      | Reached skill level 5 in Conjurations
  6991 | D:6      | Found a staircase to the Ecumenical Temple.
  6996 | D:6      | Reached skill level 5 in Maces & Flails
  7641 | D:7      | Found a flagged portal.
  7663 | Bailey   | Entered a bailey
  7697 | Bailey   | Reached skill level 5 in Spellcasting
  8936 | Bailey   | Slain by a gnoll sergeant

Illustrated notes

Levels and vault maps discovered:
D:1:      nzn_arrival_crosshair, layout_basic, chequers_ecumenical_altar_grove,
          minmay_liquid_box, serial_bayou_crossing
D:2:      layout_rooms, uniq_robin, uniq_natasha
D:3:      cheibrodos_old_hovel, layout_basic, nicolae_grassy_gnolls,
          uniq_terence
D:4:      gammafunk_cloud_chamber, layout_basic,
          mainiacjoe_overflow_catwalk_spiral, uniq_duvessa, uniq_blork_the_orc
D:5:      layout_cave_pools, grunt_gozag_breadcrumbs, uniq_menkaure
D:6:      layout_loops_cross, trog_butcher_becter, minmay_temple_entry_tees
D:7:      layout_basic, mainiacjoe_overflow_divided_tiny, enter_bailey_5,
          minivault_27, nicolae_island_escapes, uniq_joseph, uniq_maggie,
          uniq_crazy_yiuf_cottage
Bailey:   bailey_polearm_gnolls_kennysheep, bailey

Skill      XL: |  1  2  3  4  5  6  7  8  9 |
---------------+----------------------------+-----
Conjurations   | 1 2 3 4 5 |  5.8
Maces & Flails | 1 2 3 4 5 |  5.6
Earth Magic    | 2 3 4 5 |  5.9
Spellcasting   | 2 3 4 5 |  5.4
Evocations     | 4 5 |  5.9
Fighting       | |  1.0
Dodging        | |  2.4
Stealth        | |  1.5

Action                     |  1- 3 |  4- 6 |  7- 9 || total
---------------------------+-------+-------+-------++-------
  Melee: Quarterstaff      |    20 |       |       ||    20
         Club              |     3 |       |       ||     3
         Whip              |    84 |    75 |    43 ||   202
         Dagger            |       |    23 |    43 ||    66
         Punch             |       |     2 |       ||     2
   Cast: Sandblast         |    14 |    10 |     1 ||    25
         Stone Arrow       |       |     9 |   107 ||   116
Ability: Spit Poison       |     4 |    14 |    15 ||    33
  Evoke: Wand              |       |       |     3 ||     3
         Phantom mirror    |       |       |     1 ||     1
    Use: Scroll            |       |     1 |    12 ||    13
   Stab: Sleeping          |     1 |     1 |       ||     2
         Distracted        |       |       |     1 ||     1
 Armour: Leather armour    |    38 |    14 |       ||    52
         Robe              |       |    26 |   125 ||   151
  Dodge: Dodged            |    81 |    50 |    97 ||   228
